 Dungeon Crawl Stone Soup version 0.20-a0-972-gb9bd3e6 (webtiles) character file.

341 MTVSty1e the Skirmisher (level 6, -2/51 HPs)
             Began as a Formicid Fighter on Apr 9, 2017.
             Slain by an orc wizard
             ... wielding a +0 dagger of distortion
              (11 damage)
             ... on level 4 of the Dungeon.
             The game lasted 00:07:11 (2809 turns).

MTVSty1e the Skirmisher (Formicid Fighter)          Turns: 2809, Time: 00:07:12

Health: -2/51      AC:  7    Str: 21 (22) XL:     6   Next: 87%
Magic:  6/6        EV:  9    Int:  7 (8)  God:
Gold:   151        SH:  0    Dex: 10      Spells: 5/5 levels left

rFire    . . .     SeeInvis +   a - +0 quarterstaff
rCold    + . .     Gourm    .   c - +0 shield
rNeg     . . .     Faith    .   b - +0 scale mail
rPois    .         Spirit   .   (helmet unavailable)
rElec    .         Reflect  .   (no cloak)
rCorr    .         Harm     .   (no gloves)
MR       .....                  (no boots)
Stlth    ..........             (no amulet)
Regen    0.2/turn               i - ring of protection from cold
MPRegen  0.1/turn               (no ring)

@: confused
A: permanent stasis, dig shafts and tunnels, four strong arms, antennae 3
a: Dig, Shaft Self


You were on level 4 of the Dungeon.
You were not hungry.

You visited 1 branch of the dungeon, and saw 4 of its levels.

You collected 151 gold pieces.

Inventory:

Hand Weapons
 a - a +0 quarterstaff (weapon)
Armour
 b - a +0 scale mail (worn)
 c - a +0 shield (worn)
Jewellery
 i - a ring of protection from cold (left hand)
Wands
 f - a wand of polymorph (14/24)
Scrolls
 e - 8 scrolls of identify
 h - 2 scrolls of teleportation {unknown}
 j - 2 scrolls of enchant weapon
 l - a scroll of random uselessness {unknown}
 m - a scroll of remove curse {unknown}
 n - a scroll of enchant armour {unknown}
 p - a scroll of blinking {unknown}
Potions
 d - 3 potions of might
 g - 2 potions of flight {unknown}
 k - a potion of invisibility {unknown}
 q - 2 potions of agility {unknown}
Comestibles
 o - 3 bread rations


   Skills:
 * Level 5.2 Fighting
 + Level 3.5 Staves
 + Level 4.1 Armour
 + Level 2.1 Dodging
 + Level 4.7 Shields


You had 5 spell levels left.
You didn't know any spells.

Dungeon Overview and Level Annotations

Branches:
Dungeon (4/15)
 Temple: D:4-7

Altars:
Fedhas
Kikubaaqudgha
Qazlal


Innate Abilities, Weirdness & Mutations

You cannot be hasted, slowed, berserked, paralysed or teleported.
You can dig through walls and to a lower floor.
Your four strong arms can wield two-handed weapons with a shield.
You have a pair of large antennae on your head. (SInv)


Message History

You closely miss the orc wizard.
The orc wizard hits you but does no damage.
Space warps horribly around you!
* * * LOW HITPOINT WARNING * * *
You bump into the rock wall.
The orc wizard barely misses you.
You bump into the rock wall.
The orc wizard closely misses you.
You bump into the rock wall.
The orc wizard hits you but does no damage.
Space bends around you.
* * * LOW HITPOINT WARNING * * *
You bump into the rock wall.
The orc wizard hits you but does no damage.
You feel a strange sense of stasis.
You bump into the rock wall.
The orc wizard casts a spell at you. The puff of flame misses you.
You're too confused to move!
The orc wizard hits you but does no damage.
Space warps horribly around you!
You die...

#.# #.# #.#?.
#.#.# #.#.# #o#.#
# #o#.# #. #@#.#
.#..####'#.#####
...............#
...............#
..#
..#............#
..+
.........#'#####.#
#.# ......####.# #
#.#
.......###.#####
#.#
...............#


You could see an orc wizard (invisible) and an orc.

Vanquished Creatures
  4 orc priests
  A hound (D:4)
  4 gnolls (D:2)
  6 adders
  3 worms (D:2)
  4 dart slugs
  2 leopard geckos
  8 orcs
  A ball python (D:1)
  11 bats
  8 giant cockroaches
  7 goblins
  9 hobgoblins
  3 quokkas
  2 frilled lizards
  5 kobolds
  3 rats
81 creatures vanquished.

Notes
Turn   | Place    | Note
-------+----------+-------------------------------------------
     0 | D:1      | MTVSty1e the Formicid Fighter began the quest for the Orb.
     0 | D:1      | Reached XP level 1. HP: 18/18 MP: 1/1
    98 | D:1      | Reached XP level 2. HP: 24/24 MP: 2/2
   325 | D:1      | Reached XP level 3. HP: 29/30 MP: 3/3
  1043 | D:2      | Reached skill level 4 in Fighting
  1051 | D:2      | Reached skill level 1 in Dodging
  1051 | D:2      | Reached XP level 4. HP: 16/37 MP: 4/4
  1328 | D:2      | Found a blossoming altar of Fedhas.
  1447 | D:2      | Reached XP level 5. HP: 43/43 MP: 5/5
  1699 | D:2      | Found an ancient bone altar of Kikubaaqudgha.
  1991 | D:3      | Reached XP level 6. HP: 19/50 MP: 6/6
  2350 | D:3      | Reached skill level 5 in Fighting
  2441 | D:3      | Found a stormy altar of Qazlal.
  2809 | D:4      | Slain by an orc wizard

Vault maps used:
D:1:      lightli_arrival_flooded_house
D:2:      minmay_door_path, kiku_gazebo_pond_becter,
          lemuel_coloured_pillars_altar, st_stairs_12,
          minmay_misc_feat_more_columns, grunt_ministairs_8
D:3:      grunt_qazlal_sundering
D:4:      old_standard_altar, serial_shops, nicolae_shop_crystal

Skill      XL: |  1  2  3  4  5  6 |
---------------+-------------------+-----
Fighting       | 4 5 |  5.2
Dodging        | 1 2 |  2.1
Shields        | 4 |  4.7
Staves         | 3 |  3.5
Armour         | 4 |  4.1

Action                   |  1- 3 |  4- 6 || total
-------------------------+-------+-------++-------
Melee: Quarterstaff      |    93 |   183 ||   276
 Abil: Dig               |     2 |     1 ||     3
  Use: Potion            |       |     3 ||     3
       Scroll            |       |     1 ||     1
  Eat: Bread ration      |     1 |       ||     1
       Meat ration       |       |     1 ||     1
Armor: Scale mail        |    37 |    80 ||   117
Dodge: Dodged            |    37 |    74 ||   111
Block: Shield            |    48 |    77 ||   125
